 Dungeon Crawl Stone Soup version 0.28.0-53-g5a82cb258f (webtiles) character file.

Game seed: 7979739502328879493

76 couchlife the Chopper (level 4, -2/40 HPs)
             Began as a Hill Orc Monk on Mar 30, 2022.
             Slain by an iguana (12 damage)
             ... on level 2 of the Dungeon on July 21, 2022.
             The game lasted 00:08:10 (1858 turns).

couchlife the Chopper (Hill Orc Monk)               Turns: 1858, Time: 00:08:11

Health: -2/40      AC:  5    Str: 15    XL:     4   Next: 32%
Magic:  4/4        EV: 11    Int: 10    God:
Gold:   32         SH:  0    Dex: 13    Spells: 3/3 levels left

rFire   . . .      SeeInvis .   k - +0 war axe
rCold   . . .      Faith    .   (no shield)
rNeg    . . .      Spirit   .   e - +0 ring mail
rPois   .          Reflect  .   (no helmet)
rElec   .          Harm     .   (no cloak)
rCorr   .          Rampage  .   (no gloves)
Will    .....                   (no boots)
Stlth   +.........              (no amulet)
HPRegen 0.13/turn               s - ring of flight
MPRegen 0.09/turn               p - +4 ring of slaying

@: flying
A: no striking features
a: no special abilities


You were on level 2 of the Dungeon.
You visited 1 branch of the dungeon, and saw 2 of its levels.

You collected 32 gold pieces.

Inventory:

Hand Weapons
 a - a +0 hand axe
 h - a +0 dagger
 k - a +0 war axe (weapon)
Missiles
 g - 6 javelins (quivered)
Armour
 b - a +0 robe
 e - a +0 ring mail (worn)
Jewellery
 c - a +6 ring of intelligence
 p - a +4 ring of slaying (right hand)
 s - a ring of flight (left hand)
Scrolls
 f - a scroll of fear {unknown}
 i - a scroll of noise {unknown}
 l - a scroll of fog {unknown}
 m - a scroll of magic mapping {unknown}
 n - a scroll of amnesia {unknown}
 q - 2 scrolls of identify {unknown}
Potions
 d - 2 potions of heal wounds {unknown}
 j - a potion of curing {unknown}
 o - a potion of magic {unknown}
 r - 2 potions of attraction {unknown}
 t - a potion of might {unknown}


   Skills:
 + Level 3.9 Fighting
 + Level 5.6 Axes
 + Level 1.4 Armour
 + Level 2.8 Dodging
 + Level 1.5 Stealth


You had 3 spell levels left.
You didn't know any spells.
Your spell library was empty.

Dungeon Overview and Level Annotations

Branches:
Dungeon (2/15)

Altars:


Message History

The bat hits you but does no damage. The bat barely misses you.
The bat closely misses you.
An iguana comes into view.
The bat closely misses you.
A rat comes into view.
You slash the bat!
You kill the bat!
The iguana hisses angrily.
You hit the iguana.
The iguana is lightly wounded.
The iguana barely misses you.
You hit the iguana.
The iguana is moderately wounded.
The iguana closely misses you. The rat bites you.
You barely miss the iguana.
The iguana is moderately wounded.
You barely miss the rat. The iguana closely misses you. The rat bites you.
You hit the iguana but do no damage.
The iguana is moderately wounded.
You hit the rat.
You kill the rat!
The iguana bites you but does no damage.
The iguana bites you.
You hit the iguana.
The iguana is heavily wounded.
The iguana bites you!
You closely miss the iguana.
The iguana is heavily wounded.
The iguana bites you.
You hit the iguana.
The iguana is heavily wounded.
The iguana barely misses you.
You hit the iguana.
The iguana is heavily wounded.
The iguana bites you. The iguana bites you!
* * * LOW HITPOINT WARNING * * *
You hit the iguana.
The iguana is severely wounded.
The iguana bites you!
You die...

#............................
#.....###########.###...#####
#.....# #.# #...# # #.....#
#.# ##### # #.....# #.# #
#.....# ########.# .# #######
#......†.##...##
#...............
#..@.....##.#.## #...l......#
# #....###...... #....
#......# #.... #......# #....
#......# #.... #......# ####.


You could see an iguana.

Vanquished Creatures
  Jessica (D:2)
  An adder (D:2)
  5 endoplasms
  2 giant cockroaches (D:1)
  4 goblins (D:1)
  4 hobgoblins
  9 ball pythons
  2 bats
  2 frilled lizards (D:1)
  7 kobolds
  3 rats
40 creatures vanquished.

Notes
Turn   | Place    | Note
-------+----------+-------------------------------------------
     0 | D:1      | couchlife the Hill Orc Monk began the quest for the Orb.
     0 | D:1      | Reached XP level 1. HP: 19/19 MP: 1/1
   408 | D:1      | Upgraded the game from 0.28.0-43-g3370ac3207 to
                  | 0.28.0-53-g5a82cb258f
   413 | D:1      | Reached XP level 2. HP: 27/27 MP: 2/2
   888 | D:1      | Reached XP level 3. HP: 33/33 MP: 3/3
  1321 | D:2      | Reached skill level 5 in Axes
  1490 | D:2      | Reached skill level 1 in Armour
  1561 | D:2      | Noticed Jessica
  1569 | D:2      | Killed Jessica
  1570 | D:2      | Reached XP level 4. HP: 18/40 MP: 4/4
  1858 | D:2      | Slain by an iguana

Illustrated notes

Levels and vault maps discovered:
D:1:      lightli_arrival_noodles, layout_loops_ring, minmay_tripent
D:2:      layout_basic, uniq_jessica

Skill      XL: |  1  2  3 |
---------------+----------+-----
Axes           | 5 |  5.6
Armour         | 1 |  1.4
Fighting       | |  3.9
Dodging        | |  2.8
Stealth        | |  1.5

Action                   |  1- 3 |  4- 6 || total
-------------------------+-------+-------++-------
Melee: Hand axe          |    49 |       ||    49
       War axe           |    38 |    24 ||    62
       Punch             |     1 |       ||     1
Armor: Ring mail         |    28 |    11 ||    39
Dodge: Dodged            |    44 |    23 ||    67
